 Dungeon Crawl Stone Soup version 0.32-a0-898-g7811c86cf0 (webtiles) character file.

Game seed: 6959722259113360378

1040 Turgor the Cleaver (level 8, -2/63 HPs)
             Began as a Mountain Dwarf Fighter on Apr 4, 2024.
             Was an Initiate of Okawaru.
             Slain by Pikel
             ... wielding a +0 whip of electrocution
              (10 damage)
             ... on level 5 of the Dungeon.
             The game lasted 00:13:35 (3621 turns).

Turgor the Cleaver (Mountain Dwarf Fighter)         Turns: 3621, Time: 00:13:35

Health: -2/63      AC: 10    Str: 21    XL:     8   Next: 4%
Magic:  8/8        EV:  6    Int:  9    God:    Okawaru [......]
Gold:   132        SH:  4    Dex:  9    Spells: 7/7 levels left

rFire   . . .        a - +0 war axe
rCold   + . .        c - +0 buckler
rNeg    + . .        p - +1 chain mail {rC+}
rPois   .            (no helmet)
rElec   .            (no cloak)
rCorr   .            (no gloves)
SInv    .            (no boots)
Will    .....        f - amulet of the acrobat Stlth
                     h - ring of positive energy
HPRegen 0.30/turn    (no ring)
MPRegen 0.11/turn

%: acrobat
@: no status effects
A: runic magic, artefact enchanting
a: Renounce Religion


You were on level 5 of the Dungeon.
You worshipped Okawaru.
Okawaru was noncommittal.
You visited 2 branches of the dungeon, and saw 6 of its levels.
You also visited: Ossuary.

You collected 300 gold pieces.
You spent 168 gold pieces at shops.

Inventory:

Hand Weapons
 a - a +0 war axe (weapon)
 t - the +3 dagger "Ajaynugg" {spect, rF+}
   (You found it on level 4 of the Dungeon)

   rF+:       It protects you from fire.
Missiles
 k - 6 poisoned darts (quivered)
Armour
 c - a +0 buckler (worn)
 p - a +1 chain mail of cold resistance (worn)
Jewellery
 f - an amulet of the acrobat (around neck)
 h - a ring of positive energy (left hand)
 n - a ring of magical power
Scrolls
 b - a scroll of silence {unknown}
 d - a scroll of blinking {unknown}
 i - a scroll of enchant weapon {unknown}
 j - a scroll of summoning {unknown}
 l - a scroll of fog {unknown}
 q - 2 scrolls of vulnerability {unknown}
 s - 5 scrolls of teleportation {unknown}
 v - a scroll of noise {unknown}
 x - a scroll of enchant armour
 y - a scroll of fear {unknown}
Potions
 e - a potion of degeneration
 g - a potion of curing
 m - a potion of might
 o - a potion of brilliance
 r - 4 potions of enlightenment
 u - a potion of ambrosia
 w - a potion of cancellation
 z - a potion of haste {unknown}
 A - a potion of mutation {unknown}


   Skills:
 - Level 3.2 Fighting
 + Level 11.4 Axes
 - Level 3.2 Armour
 - Level 3.2 Shields


You had 7 spell levels left.
You didn't know any spells.
Your spell library contained the following spells:

 Spells                   Type           Power      Damage    Failure   Level
 Apportation              Tloc           0%         N/A       63%         1
 Necrotise                Necr           0%         1d4       63%         1
 Sting                    Conj/Alch      0%         1d3       63%         1
 Sublimation of Blood     Necr           0%         N/A       77%         2
 Flame Wave               Conj/Fire      0%         2d4       100%        4
 Olgreb's Toxic Radiance  Alch           0%         N/A       100%        4
 Fireball                 Conj/Fire      0%         3d3       100%        5
 Yara's Violent Unravell  Hex/Alch       0%         3d3       100%        5
 Summon Small Mammal      Summ           Unusable   N/A       N/A         1
 Call Imp                 Summ           Unusable   N/A       N/A         2
 Summon Hydra             Summ           Unusable   N/A       N/A         7

Dungeon Overview and Level Annotations

Branches:
Dungeon (5/15)             Temple (1/1) D:4         Ossuary (visited)

Altars:
Ashenzari
Dithmenos
Fedhas
Gozag
Hepliaklqana
Makhleb
Nemelex Xobeh
Okawaru
Qazlal
Sif Muna
Trog
Vehumet
Xom
The Shining One

Shops:
D:4 **

Annotations:
D:5 Pikel


Innate Abilities, Weirdness & Mutations

Your spellcasting is much less encumbered by armour.
You can use scrolls of enchantment on lesser artefacts.


Message History

Unknown command.
You hit Pikel.
Pikel is severely wounded.
You hit the lemure but do no damage. You closely miss the lemure. x2
Pikel barely misses you.
The lemure hits you but does no damage. x2
Unknown command.
You hit Pikel.
Pikel is severely wounded.
You closely miss the quokka. You hit the lemure but do no damage.
You slash the lemure! x2; The quokka bites you.
The lemure barely misses you. The lemure hits you but does no damage.
Pikel closely misses you. The lemure hits you. The quokka bites you.
Unknown command.
You closely miss Pikel.
Pikel is severely wounded.
You hit the lemure. You closely miss the lemure.
You completely miss the quokka. You closely miss the lemure.
You hit the lemure.
The lemure hits you but does no damage. x2
The lemure hits you.
Pikel hits you with a +0 whip of electrocution.
You are electrocuted!
* * * LOW HITPOINT WARNING * * *
The lemure hits you but does no damage. You block the quokka's attack.
You hit Pikel.
Pikel is almost dead.
You hit the lemure but do no damage. You miss the quokka. You hit the lemure.
You completely miss the lemure. You closely miss the lemure.
The lemure barely misses you. The lemure hits you.
* * * LOW HITPOINT WARNING * * *
The quokka bites you.
* * * LOW HITPOINT WARNING * * *
The lemure hits you but does no damage.
Pikel hits you with a +0 whip of electrocution.
* * * LOW HITPOINT WARNING * * *
The lemure closely misses you.
You feel better. The quokka barely misses you. The lemure hits you!
* * * LOW HITPOINT WARNING * * *
Pikel hits you but does no damage.
You are electrocuted!
You die...
Pikel says, "Another soul for the market."

............[.
..........>..
............
.........#
........#
#......)#.
#..r......
#5@5......
#5K5......
...........
........#....
#........##
... #.........
#. ..........
...........


You could see Pikel, 4 lemures and a quokka.

Vanquished Creatures
  The ghost of junkhipster the Cudgeller, an amateur GrFi (D:3)
  An ogre (D:4)
  A bombardier beetle (D:4)
  5 bullfrog zombies (Ossuary)
  A hound (D:3)
  2 orc priests (D:3)
  7 mummies (Ossuary)
  2 iguanas (D:4)
  Terence (D:3)
  An orc wizard (D:3)
  A killer bee zombie (Ossuary)
  3 crocodile zombies (Ossuary)
  2 hound zombies (Ossuary)
  2 howler monkey zombies (Ossuary)
  5 adders
  A ribbon worm (D:4)
  2 dart slugs (D:1)
  6 orcs
  7 endoplasms
  2 giant cockroaches (D:1)
  2 goblins
  6 hobgoblins
  2 quokkas
  4 ball pythons
  A ball python zombie (Ossuary)
  4 bats
  A frilled lizard (D:1)
  4 kobolds
  3 rats
80 creatures vanquished.

Notes
Turn   | Place    | Note
-------+----------+-------------------------------------------
     0 | D:1      | Turgor the Mountain Dwarf Fighter began the quest for the
                  | Orb.
     0 | D:1      | Reached XP level 1. HP: 19/19 MP: 1/1
    60 | D:1      | Reached skill level 3 in Axes
   149 | D:1      | You fall into a shaft and drop 1 floor!
   192 | D:2      | Reached XP level 2. HP: 20/26 MP: 2/2
   308 | D:2      | Reached skill level 4 in Axes
   394 | D:2      | Got Sif Muna's Incunable of Noxious Pyromancy
   574 | D:1      | Reached XP level 3. HP: 31/31 MP: 3/3
  1205 | D:3      | Reached skill level 5 in Axes
  1205 | D:3      | Reached XP level 4. HP: 36/38 MP: 4/4
  1306 | D:3      | Noticed Terence
  1333 | D:3      | Killed Terence
  1334 | D:3      | Reached skill level 6 in Axes
  1392 | D:3      | Reached XP level 5. HP: 45/45 MP: 5/5
  1566 | D:3      | Found a runed translucent door.
  1570 | D:3      | Noticed junkhipster's ghost (amateur GrFi)
  1641 | D:3      | Killed junkhipster's ghost
  1642 | D:3      | Reached skill level 8 in Axes
  1642 | D:3      | Reached XP level 6. HP: 19/51 MP: 6/6
  2031 | D:3      | Found a blossoming altar of Fedhas.
  2150 | D:4      | Found Esucyqui's Assorted Antiques.
  2153 | D:4      | Bought a scroll labelled QOTANE RECW for 24 gold pieces
  2153 | D:4      | Bought a scroll labelled CEEF XILOUTETZ for 24 gold pieces
  2153 | D:4      | Bought a potion of curing for 72 gold pieces
  2153 | D:4      | Bought a scroll labelled ERENWA BOAGGYOHE for 24 gold
                  | pieces
  2153 | D:4      | Bought a scroll labelled AHEDGH NALEU for 24 gold pieces
  2288 | D:4      | Found a sand-covered staircase.
  2302 | D:4      | Reached skill level 9 in Axes
  2302 | D:4      | Reached XP level 7. HP: 13/57 MP: 7/7
  2501 | Ossuary  | Entered an ossuary
  2625 | Ossuary  | Reached skill level 10 in Axes
  2865 | Ossuary  | Reached skill level 11 in Axes
  2932 | Ossuary  | Reached XP level 8. HP: 45/63 MP: 8/8
  3100 | D:4      | Identified the +3 dagger "Ajaynugg" {spect, rF+}
  3274 | D:4      | Found a staircase to the Ecumenical Temple.
  3291 | Temple   | Entered the Ecumenical Temple
  3348 | Temple   | Became a worshipper of Warmaster Okawaru
  3421 | D:4      | Found Dausot's Mass Market.
  3470 | D:4      | Found a shimmering altar of Xom.
  3610 | D:5      | Entered Level 5 of the Dungeon
  3610 | D:5      | Noticed Pikel
  3621 | D:5      | Slain by Pikel

Illustrated notes

Levels and vault maps discovered:
D:1:      zelgadis_glass_arrival_small, layout_rooms, minmay_misc_feat_rugged,
          kennysheep_another_room
D:2:      layout_rooms, st_stairs_13, minmay_tetromino_o2
D:3:      cheibrodos_old_hovel, layout_loops_ring, mainiacjoe_overflow_alcove_2,
          gammafunk_ghost_grave, uniq_terence
D:4:      layout_cave_pools, mainiacjoe_overflow_cross_hatched,
          minmay_temple_entry_glass, serial_shops, nicolae_stop_n_shop_1,
          nicolae_ossuary_entry_ruins, minmay_shop_mass
D:5:      layout_cave_pools, kennysheep_mini_moat, mainiacjoe_overflow_alcove_1,
          gammafunk_ghost_cemetery, serial_bayou_lake_a, uniq_sigmund,
          uniq_pikel
Temple:   minmay_temple_forest_path

Skill      XL: |  1  2  3  4  5  6  7 |
---------------+----------------------+-----
Axes           | 3 4 5 6 8 9 11 | 11.4
Fighting       | |  3.2
Armour         | |  3.2
Shields        | |  3.2

Action                     |  1- 3 |  4- 6 |  7- 9 || total
---------------------------+-------+-------+-------++-------
  Melee: War axe           |    95 |   113 |   159 ||   367
  Throw: Dart              |       |     3 |       ||     3
    Use: Potion            |       |     4 |     2 ||     6
         Scroll            |       |     5 |     3 ||     8
 Armour: Scale mail        |    71 |    35 |       ||   106
         Skin              |       |    12 |       ||    12
         Chain mail        |       |    41 |   103 ||   144
  Dodge: Dodged            |    49 |    49 |    48 ||   146
  Block: Buckler           |    28 |    32 |    26 ||    86

Table legend: (Time is in decaauts)
 A = Elapsed time spent in this place.
 B = Non-inter-level travel time spent in this place.
 C = Inter-level travel time spent in this place.
 D = Time resting spent in this place.
 E = Time spent auto-exploring this place.
 F = Levels seen in this place.
 G = Mean time per level.
                   A        B        C        D        E       F      G
               +--------+--------+--------+--------+--------+-----+--------+
         Total |   3704 |   3509 |    195 |    388 |   2179 |   7 |  529.1 |
       Dungeon |   2980 |   2898 |     82 |    344 |   1887 |   5 |  596.0 |
        Temple |    114 |      1 |    113 |      0 |      0 |   1 |  114.0 |
       Ossuary |    608 |    608 |      0 |     44 |    292 |   1 |  608.0 |
               +--------+--------+--------+--------+--------+-----+--------+

Top non-repeatable levels by time:
     D:3: 1162 daAuts
     D:4: 738 daAuts
 Ossuary: 608 daAuts
     D:1: 549 daAuts
     D:2: 520 daAuts
  Temple: 114 daAuts
     D:5: 10 daAuts
